PAAA
SALT LAKE CITY BUZZ @ ATHLETIC CLUB KC RESERVES
09/11/2020
 
TOP OF THE 1ST
Salt Lake City Buzz batting - Pitching for Athletic Club KC Reserves : LHP Stanley Anderson
Pitching: LHP Stanley Anderson
Batting: RHB Bernardo Cruz 0-0: Ground out 5-3 (Groundball, 5L)
Batting: RHB Ichiyo Fujii 0-0: Bunt for hit - play at first, batter safe!
Batting: SHB Raymond Bright 0-0: Ball
1-0: Foul Ball, location: 2F
1-1: Ball
2-1: Foul Ball, location: 2F
2-2: Foul Ball, location: 2F
2-2: Foul Ball, location: 2F
2-2: Hit by Pitch
Ichiyo Fujii to second
Batting: RHB Clint Anthony 0-0: Ball
1-0: Ball
2-0: Foul Ball, location: 2F
2-1: Ball
3-1: Base on Balls
Ichiyo Fujii to third
Raymond Bright to second
Batting: RHB Don MacNeilage 0-0: Called Strike
0-1: Ball
1-1: Foul Ball, location: 2F
1-2: SINGLE (Flyball, 89S)
Ichiyo Fujii scores
Raymond Bright to third
Clint Anthony to second
Batting: RHB Patrick Clark 0-0: Called Strike
0-1: SINGLE (Groundball, 34)
Raymond Bright scores
Clint Anthony to third
Don MacNeilage to second
Batting: RHB Larry Brown 0-0: Called Strike
0-1: Ball
1-1: Foul Ball, location: 2F
1-2: Foul Ball, location: 2F
1-2: Ball
2-2: Ball
3-2: Foul Ball, location: 2F
3-2: Grounds into double play, 5-4-3 (Groundball, 56)
Top of the 1st over - 2 run(s), 3 hit(s), 0 error(s), 2 left on base; Salt Lake City 2 - Athletic Club KC 0
BOTTOM OF THE 1ST
Athletic Club KC Reserves batting - Pitching for Salt Lake City Buzz : LHP Júlio Hernández
Pitching: LHP Júlio Hernández
Batting: RHB Javier Díaz 0-0: Called Strike
0-1: Ball
1-1: Ball
2-1: Called Strike
2-2: Strikes out swinging
Batting: RHB Karl Stevens 0-0: Ball
1-0: Ball
2-0: Called Strike
2-1: Called Strike
2-2: Strikes out looking
Batting: RHB Bill Dennis 0-0: Foul Ball, location: 2F
0-1: Ball
1-1: Foul Ball, location: 2F
1-2: Foul Ball, location: 2F
1-2: Foul Ball, location: 2F
1-2: Ball
2-2: Ball
3-2: Base on Balls
Batting: RHB Nick Simmons 0-0: Ball
1-0: Foul Ball, location: 2F
1-1: Ball
2-1: Ball
3-1: Called Strike
3-2: SINGLE (Line Drive, 5D)
Bill Dennis to second
Bill Dennis to third
Batting: LHB Rafael García 0-0: Called Strike
0-1: Swinging Strike
0-2: SINGLE (Line Drive, 89S)
Bill Dennis scores
Nick Simmons to second
Batting: RHB Robert Hill 0-0: Ball
1-0: Called Strike
1-1: Ball
2-1: Ball
3-1: Base on Balls
Nick Simmons to third
Rafael García to second
Batting: RHB Adam Hennessey 0-0: Ball
1-0: Ball
2-0: Called Strike
2-1: Foul Ball, location: 2F
2-2: SINGLE (Groundball, 56)
Nick Simmons scores
Rafael García to third
Robert Hill to second
Batting: RHB Allen Murphy 0-0: Called Strike
0-1: Ground out 5-3 (Groundball, 5S)
Bottom of the 1st over - 2 run(s), 3 hit(s), 0 error(s), 3 left on base; Salt Lake City 2 - Athletic Club KC 2
TOP OF THE 2ND
Salt Lake City Buzz batting - Pitching for Athletic Club KC Reserves : LHP Stanley Anderson
Batting: SHB Shelby Reusch 0-0: Ball
1-0: Called Strike
1-1: Foul Ball, location: 2F
1-2: Ball
2-2: Ball
3-2: Strikes out swinging
Batting: RHB Roberto Ríos 0-0: Ball
1-0: Foul Ball, location: 2F
1-1: Fly out, F9 (Flyball, 9M)
Batting: RHB Bernardo Cruz 0-0: Swinging Strike
0-1: Fly out, F9 (Flyball, 89M)
Top of the 2nd over - 0 run(s), 0 hit(s), 0 error(s), 0 left on base; Salt Lake City 2 - Athletic Club KC 2
BOTTOM OF THE 2ND
Athletic Club KC Reserves batting - Pitching for Salt Lake City Buzz : LHP Júlio Hernández
Batting: RHB Eddie O'Bryan 0-0: Ball
1-0: Ball
2-0: Foul Ball, location: 2F
2-1: DOUBLE (Line Drive, 78M)
Batting: RHB Javier Díaz 0-0: Called Strike
0-1: Called Strike
0-2: Ground out 5-3 (Groundball, 5L)
Batting: RHB Karl Stevens 0-0: Called Strike
0-1: Ball
1-1: SINGLE (Flyball, 8RS)
Eddie O'Bryan to third
Batting: RHB Bill Dennis 0-0: Ball
1-0: Foul Ball, location: 2F
1-1: Foul Ball, location: 2F
1-2: 3-RUN HOME RUN (Flyball, 78XD), Distance : 385 ft
Batting: RHB Nick Simmons 0-0: Foul Ball, location: 2F
0-1: Ball
1-1: Swinging Strike
1-2: Strikes out swinging
Batting: LHB Rafael García 0-0: Called Strike
0-1: Ground out 4-3 (Groundball, 4)
Bottom of the 2nd over - 3 run(s), 3 hit(s), 0 error(s), 0 left on base; Salt Lake City 2 - Athletic Club KC 5
TOP OF THE 3RD
Salt Lake City Buzz batting - Pitching for Athletic Club KC Reserves : LHP Stanley Anderson
Batting: RHB Ichiyo Fujii 0-0: Called Strike
0-1: Ball
1-1: Foul Ball, location: 2F
1-2: Ball
2-2: Ball
3-2: Foul Ball, location: 2F
3-2: Ground out 1-3 (Groundball, 15)
Batting: SHB Raymond Bright 0-0: Swinging Strike
0-1: Foul Ball, location: 2F
0-2: Ball
1-2: Foul Ball, location: 2F
1-2: Ball
2-2: Ground out 6-3 (Groundball, 6)
Batting: RHB Clint Anthony 0-0: Swinging Strike
0-1: Ball
1-1: Foul Ball, location: 2F
1-2: Ball
2-2: Strikes out swinging
Top of the 3rd over - 0 run(s), 0 hit(s), 0 error(s), 0 left on base; Salt Lake City 2 - Athletic Club KC 5
BOTTOM OF THE 3RD
Athletic Club KC Reserves batting - Pitching for Salt Lake City Buzz : LHP Júlio Hernández
Batting: RHB Robert Hill 0-0: Called Strike
0-1: SINGLE (Line Drive, 34)
Batting: RHB Adam Hennessey 0-0: Grounds into double play, 5-4-3 (Groundball, 56)
Batting: RHB Allen Murphy 0-0: Called Strike
0-1: Called Strike
0-2: Ground out 4-3 (Groundball, 4)
Bottom of the 3rd over - 0 run(s), 1 hit(s), 0 error(s), 0 left on base; Salt Lake City 2 - Athletic Club KC 5
TOP OF THE 4TH
Salt Lake City Buzz batting - Pitching for Athletic Club KC Reserves : LHP Stanley Anderson
Batting: RHB Don MacNeilage 0-0: Fly out, F4 (Line Drive, 4)
Batting: RHB Patrick Clark 0-0: Ball
1-0: Swinging Strike
1-1: Swinging Strike
1-2: Ball
2-2: Strikes out swinging
Batting: RHB Larry Brown 0-0: Called Strike
0-1: Ball
1-1: Swinging Strike
1-2: Strikes out looking
Top of the 4th over - 0 run(s), 0 hit(s), 0 error(s), 0 left on base; Salt Lake City 2 - Athletic Club KC 5
BOTTOM OF THE 4TH
Athletic Club KC Reserves batting - Pitching for Salt Lake City Buzz : LHP Júlio Hernández
Batting: RHB Eddie O'Bryan 0-0: Ball
1-0: SINGLE (Line Drive, 3)
Batting: RHB Javier Díaz 0-0: Called Strike
0-1: Foul Ball, location: 2F
0-2: Foul Ball, location: 2F
0-2: Ball
1-2: Ball
2-2: SINGLE (Line Drive, 6MD)
Eddie O'Bryan to second
Batting: RHB Karl Stevens 0-0: Ball
1-0: Ball
2-0: Ball
3-0: Called Strike
3-1: Foul Ball, location: 2F
3-2: Foul Ball, location: 2F
3-2: Base on Balls
Eddie O'Bryan to third
Javier Díaz to second
Batting: RHB Bill Dennis 0-0: Ball
1-0: Called Strike
1-1: Called Strike
1-2: Strikes out swinging
Batting: RHB Nick Simmons 0-0: Ball
Wild Pitch!
Eddie O'Bryan scores
Javier Díaz to third
Karl Stevens to second
1-0: SINGLE (Groundball, 25) (infield hit)
Pitching: RHP Mike Hickey
Batting: LHB Rafael García 0-0: Called Strike
0-1: Ball
1-1: DOUBLE (Line Drive, 9LS)
Javier Díaz scores
Karl Stevens scores
Nick Simmons to third
Batting: RHB Robert Hill 0-0: Ball
1-0: Ball
2-0: Foul Ball, location: 2F
2-1: Foul Ball, location: 2F
2-2: Foul Ball, location: 2F
2-2: Foul Ball, location: 2F
2-2: Strikes out swinging
Batting: RHB Adam Hennessey 0-0: SINGLE (Line Drive, 89S)
Nick Simmons scores
Rafael García to third
Runner from 3rd tries for Home, SAFE, no throw or cutoff
Batting: RHB Allen Murphy 0-0: Called Strike
0-1: Ground out 5-3 (Groundball, 5S)
Bottom of the 4th over - 5 run(s), 5 hit(s), 0 error(s), 1 left on base; Salt Lake City 2 - Athletic Club KC 10
TOP OF THE 5TH
Salt Lake City Buzz batting - Pitching for Athletic Club KC Reserves : LHP Stanley Anderson
Batting: SHB Shelby Reusch 0-0: Fly out, F5 (Line Drive, 56S)
Batting: RHB Roberto Ríos 0-0: Fly out, F8 (Flyball, 8LS)
Batting: RHB Bernardo Cruz 0-0: Ball
1-0: Ball
2-0: Ball
3-0: Called Strike
3-1: Called Strike
3-2: Base on Balls
Batting: RHB Ichiyo Fujii 0-0: Ball
1-0: Ball
Bernardo Cruz steals 2nd base
2-0: Foul Ball, location: 2F
2-1: Ground out 6-3 (Groundball, 6)
Top of the 5th over - 0 run(s), 0 hit(s), 0 error(s), 1 left on base; Salt Lake City 2 - Athletic Club KC 10
BOTTOM OF THE 5TH
Athletic Club KC Reserves batting - Pitching for Salt Lake City Buzz : RHP Mike Hickey
Batting: RHB Eddie O'Bryan 0-0: Foul Ball, location: 2F
0-1: SINGLE (Line Drive, 8LS)
Batting: RHB Javier Díaz 0-0: Sac Bunt - play at first, batter OUT! 2-3
Eddie O'Bryan to second
Batting: RHB Karl Stevens 0-0: Ball
1-0: Ball
2-0: Called Strike
2-1: Foul Ball, location: 2F
2-2: Foul Ball, location: 2F
2-2: Foul Ball, location: 2F
2-2: Ball
3-2: Foul Ball, location: 2F
3-2: Ground out U3 (Groundball, 3)
Eddie O'Bryan to third
Batting: RHB Bill Dennis 0-0: Fly out, F7 (Flyball, 7D)
Bottom of the 5th over - 0 run(s), 1 hit(s), 0 error(s), 1 left on base; Salt Lake City 2 - Athletic Club KC 10
TOP OF THE 6TH
Salt Lake City Buzz batting - Pitching for Athletic Club KC Reserves : LHP Stanley Anderson
Batting: SHB Raymond Bright 0-0: Ball
1-0: Ball
2-0: Foul Ball, location: 2F
2-1: Ball
3-1: Foul Ball, location: 2F
3-2: Foul Ball, location: 2F
3-2: Foul Ball, location: 2F
3-2: Base on Balls
Batting: RHB Clint Anthony 0-0: Called Strike
Raymond Bright steals 2nd base
0-1: Ball
1-1: Foul Ball, location: 2F
1-2: Ball
2-2: DOUBLE (Line Drive, 89S)
Raymond Bright scores
Batting: RHB Don MacNeilage 0-0: Called Strike
0-1: Ball
1-1: Swinging Strike
1-2: Strikes out looking
Batting: RHB Patrick Clark 0-0: Called Strike
0-1: Ball
1-1: Ball
2-1: Ball
3-1: Base on Balls
Batting: RHB Larry Brown 0-0: Ball
1-0: Reached on error, E6 (Groundball, 6)
Clint Anthony to third
Patrick Clark to second
Batting: SHB Shelby Reusch 0-0: Swinging Strike
0-1: Ball
1-1: SINGLE (Groundball, 6M)
Clint Anthony scores
Patrick Clark to third
Larry Brown to second
Batting: RHB Roberto Ríos 0-0: Ball
1-0: Foul Ball, location: 2F
1-1: SINGLE (Flyball, 8LS)
Patrick Clark scores
Larry Brown to third
Shelby Reusch to second
Runner from 3rd tries for Home, SAFE, no throw or cutoff
Pitching: RHP Jeremy Gutiérrez
Batting: RHB Bernardo Cruz 0-0: Foul Ball, location: 2F
0-1: Ball
Wild Pitch!
Shelby Reusch to third
Roberto Ríos to second
1-1: Ball
2-1: Ground out 1-3 (Groundball, 15)
Batting: RHB Ichiyo Fujii 0-0: Ball
1-0: Called Strike
1-1: Ball
2-1: Ground out 6-3 (Groundball, 56)
Top of the 6th over - 4 run(s), 3 hit(s), 1 error(s), 2 left on base; Salt Lake City 6 - Athletic Club KC 10
BOTTOM OF THE 6TH
Athletic Club KC Reserves batting - Pitching for Salt Lake City Buzz : RHP Mike Hickey
Batting: RHB Nick Simmons 0-0: Called Strike
0-1: Fly out, F8 (Flyball, 8RS)
Batting: LHB Rafael García 0-0: Ground out 2-3 (Groundball, 2L)
Batting: RHB Robert Hill 0-0: Called Strike
0-1: Ball
1-1: Foul Ball, location: 2F
1-2: Strikes out swinging
Bottom of the 6th over - 0 run(s), 0 hit(s), 0 error(s), 0 left on base; Salt Lake City 6 - Athletic Club KC 10
TOP OF THE 7TH
Salt Lake City Buzz batting - Pitching for Athletic Club KC Reserves : RHP Jeremy Gutiérrez
Batting: SHB Raymond Bright 0-0: Called Strike
0-1: Foul Ball, location: 2F
0-2: Ground out U3 (Groundball, 3)
Batting: RHB Clint Anthony 0-0: Foul Ball, location: 2F
0-1: Ball
1-1: Swinging Strike
1-2: Ball
2-2: SINGLE (Line Drive, 8LS)
Batting: RHB Don MacNeilage 0-0: Grounds into double play, 5-4-3 (Groundball, 5)
Top of the 7th over - 0 run(s), 1 hit(s), 0 error(s), 0 left on base; Salt Lake City 6 - Athletic Club KC 10
BOTTOM OF THE 7TH
Athletic Club KC Reserves batting - Pitching for Salt Lake City Buzz : RHP Mike Hickey
Batting: RHB Adam Hennessey 0-0: Ball
1-0: Ball
2-0: Swinging Strike
2-1: Fly out, F8 (Flyball, 8LM)
Batting: RHB Allen Murphy 0-0: Ball
1-0: Ground out 2-3 (Groundball, 2R)
Batting: RHB Eddie O'Bryan 0-0: Called Strike
0-1: Ball
1-1: Called Strike
1-2: Ball
2-2: Foul Ball, location: 2F
2-2: Ground out 4-3 (Groundball, 4)
Bottom of the 7th over - 0 run(s), 0 hit(s), 0 error(s), 0 left on base; Salt Lake City 6 - Athletic Club KC 10
TOP OF THE 8TH
Salt Lake City Buzz batting - Pitching for Athletic Club KC Reserves : RHP Jeremy Gutiérrez
Batting: RHB Patrick Clark 0-0: Called Strike
0-1: Foul Ball, location: 2F
0-2: Foul Ball, location: 2F
0-2: Strikes out looking
Batting: RHB Larry Brown 0-0: Ball
1-0: Foul Ball, location: 2F
1-1: Ball
2-1: Ground out 5-3 (Groundball, 5L)
Batting: SHB Shelby Reusch 0-0: Swinging Strike
0-1: Ball
1-1: Ball
2-1: Foul Ball, location: 2F
2-2: Foul Ball, location: 2F
2-2: Ball
3-2: Ground out 4-3 (Groundball, 4)
Top of the 8th over - 0 run(s), 0 hit(s), 0 error(s), 0 left on base; Salt Lake City 6 - Athletic Club KC 10
BOTTOM OF THE 8TH
Athletic Club KC Reserves batting - Pitching for Salt Lake City Buzz : RHP Mike Hickey
Batting: RHB Javier Díaz 0-0: Called Strike
0-1: Ground out 6-3 (Groundball, 6M)
Batting: RHB Karl Stevens 0-0: Called Strike
0-1: Swinging Strike
0-2: Strikes out swinging
Batting: RHB Bill Dennis 0-0: Called Strike
0-1: Fly out, F2 (Popup, 25F)
Bottom of the 8th over - 0 run(s), 0 hit(s), 0 error(s), 0 left on base; Salt Lake City 6 - Athletic Club KC 10
TOP OF THE 9TH
Salt Lake City Buzz batting - Pitching for Athletic Club KC Reserves : RHP Jeremy Gutiérrez
Pitching: RHP Artie Beardsall
Batting: RHB Roberto Ríos 0-0: Called Strike
0-1: SINGLE (Groundball, 6MD)
Batting: RHB Bernardo Cruz 0-0: Called Strike
0-1: Swinging Strike
0-2: Ball
1-2: Ball
2-2: SINGLE (Groundball, 6MD)
Roberto Ríos to second
Batting: RHB Ichiyo Fujii 0-0: Ball
1-0: Ball
2-0: Ball
3-0: Base on Balls
Roberto Ríos to third
Bernardo Cruz to second
Batting: SHB Raymond Bright 0-0: Ball
1-0: Ground out 3-1 (Groundball, 34S)
Roberto Ríos scores
Bernardo Cruz to third
Ichiyo Fujii to second
Batting: RHB Clint Anthony 0-0: Ball
1-0: Ball
2-0: Ball
3-0: Ground out 6-3 (Groundball, 6M)
Bernardo Cruz scores
Ichiyo Fujii to third
Pitching: LHP Carlos Vargas
Pinch Hitting: SHB Wayne Saunders 0-0: Called Strike
0-1: Called Strike
0-2: Ball
1-2: Fly out, F4 (Line Drive, 4M)
Top of the 9th over - 2 run(s), 2 hit(s), 0 error(s), 1 left on base; Salt Lake City 8 - Athletic Club KC 10
This league is powered by Out of the Park Baseball, the baseball management simulation game for PC, Mac and Linux
Friday, October 23rd, 2015 - OOTP Baseball 16.9 Build 39